 Dungeon Crawl Stone Soup version 0.30-a0-1114-gd936c97349 (webtiles) character file.

Game seed: 412840855296851420

43 sampeng1 the Firebug (level 3, 0/29 HPs)
             Began as a Human Cinder Acolyte on Apr 21, 2023.
             Was a High Priest of Ignis.
             Slain by Robin
             ... wielding a +0 dagger
              (1 damage)
             ... on level 2 of the Dungeon.
             The game lasted 00:04:52 (1681 turns).

sampeng1 the Firebug (Human Cinder Acolyte)         Turns: 1681, Time: 00:04:52

Health: 0/29       AC:  3    Str: 14    XL:     3   Next: 82%
Magic:  0/5        EV: 11    Int: 16    God:    Ignis [*****.]
Gold:   24         SH:  0    Dex:  8    Spells: 3/5 levels left

rFire   + . .      SeeInvis .    a - -1 hand axe (flame)
rCold   . . .      Faith    .    (no shield)
rNeg    . . .      Spirit   .    b - +0 robe
rPois   .          Reflect  .    (no helmet)
rElec   .          Rampage  .    (no cloak)
rCorr   .                        (no gloves)
Will    .....                    g - +0 pair of boots
Stlth   +                        (no amulet)
HPRegen 0.24/turn                (no ring)
MPRegen 0.09/turn                (no ring)

@: no status effects
A: no striking features
a: Renounce Religion, Fiery Armour, Foxfire Swarm, Rising Flame


You were on level 2 of the Dungeon.
You worshipped Ignis.
Ignis was extremely pleased with you.
You visited 1 branch of the dungeon, and saw 2 of its levels.

You collected 24 gold pieces.

Inventory:

Hand Weapons
 a - a -1 hand axe of flaming (weapon)
Armour
 b - a +0 robe (worn)
 g - a +0 pair of boots (worn)
Jewellery
 h - a ring of willpower
Scrolls
 e - a scroll of torment
Potions
 c - a potion of might {unknown}
 d - 3 potions of curing {unknown}
 f - a potion of lignification {unknown}


   Skills:
 + Level 3.4 Fighting
 + Level 3.4 Axes
 + Level 1.6 Spellcasting
 + Level 3.4 Fire Magic


You had 3 spell levels left.
You knew the following spells:

 Your Spells              Type           Power      Damage    Failure   Level
a - Scorch                Fire           24%        2d6       8%          2

Your spell library contained the following spells:

 Spells                   Type           Power      Damage    Failure   Level


Dungeon Overview and Level Annotations

Branches:
Dungeon (2/15)

Altars:

Shops:
D:1 ?   D:2 !

Annotations:
D:2 Robin


Message History

Robin barely misses you. The hobgoblin hits you.
* * * LOW HITPOINT WARNING * * *
You closely miss the hobgoblin.
The hobgoblin is severely wounded.
You hit Robin but do no damage. Robin completely misses you.
The hobgoblin closely misses you.
You hit the hobgoblin. You burn the hobgoblin.
You kill the hobgoblin!
You hit Robin but do no damage. Robin misses you.
You hit Robin. You burn Robin.
Robin is moderately wounded.
Robin hits you with a +0 dagger.
* * * LOW HITPOINT WARNING * * *
Casting: Scorch (safe; 8% risk of failure)
Confirm with . or Enter, or press ? or * to list all spells.
You don't have enough magic to cast this spell.
You barely miss Robin.
Robin is moderately wounded.
Robin hits you with a +0 dagger.
* * * LOW HITPOINT WARNING * * *
A goblin comes into view. It is wielding a +0 dagger.
Robin barely misses you.
You hit Robin. You burn Robin.
Robin is heavily wounded.
You hit the goblin. You burn the goblin.
You kill the goblin!
Robin hits you with a +0 dagger.
* * * LOW HITPOINT WARNING * * *
You closely miss Robin.
Robin is heavily wounded.
Robin barely misses you.
You barely miss Robin.
Robin is heavily wounded.
Robin hits you with a +0 dagger.
* * * LOW HITPOINT WARNING * * *
You hit Robin. You burn Robin.
Robin is severely wounded.
Robin's bangles clink loudly.
Robin hits you with a +0 dagger.
You die...

#.........(...........#.#
.#..###..##.#.###.#.....)#
.........##.#.# #.#.###.##
.#..###..##.#.# #.....#.#
# #..##.#.# #..#.##.#
#..##.#.# #....##.#
#.###.#.# #....##.#
#.###g#.###.#...#.#
#.<..@)..##.#...#.#
#####.#..##.#...#.####
#######.#).##.#.(.......
........#..##.#.....####
#########..##.#.....#
...##.#....>#
##.##.#...### .#......#
##..##..#


You could see Robin.

Vanquished Creatures
  6 ball pythons
  2 endoplasms
  3 giant cockroaches (D:1)
  9 goblins
  3 hobgoblins
  3 jackals (D:1)
  A kobold (D:1)
  2 quokkas (D:1)
  3 bats
  3 frilled lizards (D:1)
  A rat (D:1)
36 creatures vanquished.

Notes
Turn   | Place    | Note
-------+----------+-------------------------------------------
     0 | D:1      | sampeng1 the Human Cinder Acolyte began the quest for the
                  | Orb.
     0 | D:1      | Reached XP level 1. HP: 18/18 MP: 2/2
   252 | D:1      | Reached XP level 2. HP: 24/24 MP: 3/3
   535 | D:1      | Reached XP level 3. HP: 17/29 MP: 5/5
   538 | D:1      | Learned a level 2 spell: Scorch
   810 | D:1      | Found Bicarish's Magic Scroll Boutique.
  1210 | D:2      | Found Tefenerr's Distillery.
  1662 | D:2      | Noticed Robin
  1678 | D:2      | HP: 1/29 [Robin/+0 dagger (3)]
  1681 | D:2      | Slain by Robin

Illustrated notes

Levels and vault maps discovered:
D:1:      psy_arrival_radial01, layout_basic, serial_shops, shop
D:2:      layout_basic, serial_shops, shop, uniq_robin

Action                     || total
---------------------------++-------
  Melee: Hand axe          ||    97
         Punch             ||     1
   Cast: Scorch            ||     5
    Use: Scroll            ||     3
 Armour: Robe              ||    27
  Dodge: Dodged            ||    69

Table legend: (Time is in decaauts)
 A = Elapsed time spent in this place.
 B = Non-inter-level travel time spent in this place.
 C = Inter-level travel time spent in this place.
 D = Time resting spent in this place.
 E = Time spent auto-exploring this place.
 F = Levels seen in this place.
 G = Mean time per level.
                   A        B        C        D        E       F      G
               +--------+--------+--------+--------+--------+-----+--------+
         Total |   1694 |   1682 |     12 |      0 |   1233 |   2 |  847.0 |
       Dungeon |   1694 |   1682 |     12 |      0 |   1233 |   2 |  847.0 |
               +--------+--------+--------+--------+--------+-----+--------+

Top non-repeatable levels by time:
     D:1: 1181 daAuts
     D:2: 513 daAuts
